[Event "*** Titled Tuesday Blitz"]
[Site "Chess.com"]
[Date "2021.02.02"]
[Round "6"]
[White "kingofthenil"]
[Black "anon219"]
[Result "1-0"]
[WhiteElo "2674"]
[BlackElo "2880"]
[TimeControl "180+1"]
[EndTime "11:10:09 PST"]
[Termination "kingofthenil won by resignation"]

1. e4 c5 2. d3 Nc6 3. g3 d5 4.
exd5 Qxd5 5. Nf3 Bg4 6. Bg2 e6 7. Nc3 Qd7 8. h3 Bxf3 9. Qxf3 Nf6 10. O-O Be7 11. Be3 Rc8 12. Ne4 b6 13. Rad1 O-O 14. c3 Nd5 15. Bc1 Rfd8 16. Rfe1 b5 17. Qe2 a5 18. Be3 Nxe3 19. Qxe3 Qa7 20. a3 Rd7 21. f4 b4 22. axb4 cxb4 23. d4 bxc3 24. bxc3 a4 25. Kh1 Na5 26. Qf3 a3 27. f5 exf5 28. Qxf5 Rdc7 29. Rd2 Nb3 30. Rf2 Bf8 31. Ng5 g6 32. Qd5 Qa5 33. Rxf7 Qxd5 34. Bxd5 Kh8 35. Rxc7 Rxc7 36.
Bxb3 Rxc3 37. Bd5 Rxg3 38. Ne6 Bd6 39. Bc4 Rxh3+ 40. Kg2 Rh2+ 41. Kf3 h5 42. Ng5 Kg7 43. Re6 Bf8 44. Ra6 Be7 45. Ne6+ Kf6 46. Nf4+ Kg7 47.
Rxg6+ Kh7 48. Ra6 h4 49. Bd3+ Kg7 50. Rg6+ Kf8 51. Bc4 Bb4 52. Rg8+ Ke7 53. Nd5+ Kd6 54. Nxb4 Rb2 55. Na2 Rc2 56. Bf7 h3 57. Rh8 h2 58.
Ke4 Rf2 59. Bc4 Rc2 60. Kd3 Rg2 61. Kc3 Kc6 62. Kb4 Rc2 63. d5+ Kd6 64. Bb3 Rf2 65.
Kxa3 Kc5 66. Rh5 Rg2 67. Rh6 Rd2 68. Nb4 Rg2 69. Nd3+ Kd4 70. Nf4 Rf2 71. Ne6+ Ke5 72. Ng5 Kf4 73. Nh3+ 1-0

[Event "*** Titled Tuesday Blitz"]
[Site "Chess.com"]
[Date "2021.02.02"]
[Round "6"]
[White "BahadirOzen"]
[Black "kikydu96"]
[Result "1/2-1/2"]
[WhiteElo "2729"]
[BlackElo "2584"]
[TimeControl "180+1"]
[EndTime "11:10:09 PST"]
[Termination "Game drawn by stalemate"]

1. g3 d5 2. Bg2 Nf6 3. d3 e5 4. Nf3 Nc6 5. O-O h6 6. a3 Be6 7. b4 a6 8. Bb2 Bd6 9. Nbd2 O-O 10. e4 Qd7 11. exd5 Bxd5 12. Re1 Rfe8 13. c4 Be6 14. c5 Bf8 15. Nxe5 Nxe5 16. Bxe5 Nd5 17. Qc2 Rad8 18. Nc4 Bf5 19. Be4 f6 20. Bb2 Be6 21. d4 Qb5 22. Bg6 Bf7 23. Bxf7+ Kxf7 24. Rad1 Rxe1+ 25. Rxe1 Re8 26. Re2 Rxe2 27. Qxe2 Qd7 28. Qe4 Qe6 29.
f3 Ne7 30. Ne3 Qa2 31. Qc2 Nd5 32. Nxd5 Qxd5 33. Kf2 g6 34. Qe4 Qa2 35. Qe2 f5 36. Bc1 Qxe2+ 37. Kxe2 Ke6 38. Kd3 Kd5 39. h4 c6 40. a4 Bg7 41. Be3 g5 42. hxg5 hxg5 43. Bxg5 Bxd4 44. Bd2 Be5 45. g4 fxg4 46. fxg4 Bf6 47. g5 Be7 48. g6 Bf8 49. Bc3 a5 50. bxa5 Kxc5 51. Bd2 Kd6 52. Bb4+ c5 53. Bc3 Kc6 54.
Kc4 b6 55. a6 Kc7 56. Kb5 Kb8 57.
Kxb6 Ka8 58. g7 Bxg7 59. Bxg7 Kb8 60. Bc3 Ka8 61. Kb5 c4 62. Bb4 c3 63. Ba3 c2 64.
Bc1 Kb8 65. Kb6 Ka8 66. a5 Kb8 67. Kc6 Ka8 68. Kb5 Kb8 69. Kc4 Ka8 70. Kb5 Kb8 71. Kb6 Ka8 72. a7 1/2-1/2

[Event "*** Titled Tuesday Blitz"]
[Site "Chess.com"]
[Date "2021.02.02"]
[Round "6"]
[White "Sanan_Sjugirov"]
[Black "horripile"]
[Result "1-0"]
[WhiteElo "2902"]
[BlackElo "2709"]
[TimeControl "180+1"]
[EndTime "11:10:10 PST"]
[Termination "Sanan_Sjugirov won by checkmate"]

1. d4 Nf6 2. c4 e6 3. Nf3 Bb4+ 4. Nbd2 c5 5. dxc5 O-O 6. g3 Na6 7. Bg2 Nxc5 8. O-O b6 9. Ne5 Bb7 10. Bxb7 Nxb7 11. Ndf3 Be7 12. b3 Rc8 13. Bb2 Nc5 14.
Rc1 Qc7 15. Nd3 Rfd8 16. Nxc5 Qxc5 17. Qd3 h6 18. e4 d6 19. Kg2 Qc6 20. Rfe1 a6 21.
Qe2 Qb7 22. h3 b5 23. cxb5 axb5 24. Rcd1 b4 25. Kg1 Rd7 26. Qd3 Rcd8 27. Qe2 d5 28. Ne5 Rc7 29. exd5 Rxd5 30. Rxd5 Nxd5 31. Nc4 Bf6 32.
Bxf6 Nxf6 33. Qe5 Nd5 34. Re4 Qa7 35. Rg4 g6 36. Rh4 h5 37. Re4 Qxa2 38. Rd4 Qxb3 39. Ne3 Qc3 40. Nxd5 exd5 41. Qxd5 b3 42. Qe5 Rc8 43.
Rd8+ Rxd8 44. Qxc3 Rb8 45. Qb2 Kf8 46. Kg2 Ke7 47.
Kf3 Kd7 48. Ke4 Kc6 49. Kd4 Rb7 50. Kc4 Kd7 51. Kd5 Rb5+ 52. Kc4 Rb7 53. Kc5 Ke6 54.
Kc6 Rb8 55. Kc7 Rb5 56. Kc6 Rb8 57. f4 Rc8+ 58. Kb7 Rd8 59. Qe5+ Kd7 60. Qd5+ Ke7 61. Qxb3 Rd6 62. Qb4 Kd7 63. Qb5+ Ke7 64. Kc7 Re6 65. Qc5+ Kf6 66. Qd4+ Ke7 67. g4 Kf8 68. f5 gxf5 69.
gxf5 Re7+ 70. Kd6 Re8 71. Qh8# 1-0

[Event "*** Titled Tuesday Blitz"]
[Site "Chess.com"]
[Date "2021.02.02"]
[Round "6"]
[White "northridgehawk"]
[Black "Orest_Vovk"]
[Result "0-1"]
[WhiteElo "2311"]
[BlackElo "2461"]
[TimeControl "180+1"]
[EndTime "11:10:14 PST"]
[Termination "Orest_Vovk won on time"]

1. e4 g5 2. d4 g4 3. Bd3 d6 4. Ne2 Bg7 5. c3 h5 6. O-O c5 7. Be3 cxd4 8. cxd4 Nc6 9. Nbc3 Bd7 10. f4 gxf3 11. Rxf3 Nf6 12. h3 Qa5 13. Rc1 Bh6 14. Qd2 Bxe3+ 15. Qxe3 Rg8 16. e5 dxe5 17. b4 exd4 18.
Nxd4 Qe5 19. Nxc6 Qxe3+ 20. Rxe3 Bxc6 21. Bf1 a6 22. a4 Kf8 23. b5 axb5 24. axb5 Bd5 25.
Re5 e6 26. Nxd5 Nxd5 27. Rxh5 Ke7 28. Re1 Kd6 29. Rh7 Ke7 30. Be2 Nf6 31. Rh4 Ra2 32. Bf3 b6 33. Rc4 Rd8 34. Rc7+ Rd7 35. Rec1 Rb2 36.
Rxd7+ Nxd7 37. Bc6 Nc5 38. h4 f5 39. h5 Kf6 40.
Rc3 Kg5 41. Rh3 Kh6 42. Be8 Ne4 43. Rd3 Nf6 44. Bc6 Nxh5 45. Rd6 Nf4 46. Kh2 Kg5 47. Kg3 e5 48. Rd8 Ne2+ 49. Kf3 Nd4+ 50. Ke3 Nxc6 51. bxc6 Rc2 52. Rc8 Kf6 53. c7 Kg7 54.
Kd3 Rc5 55. Ke3 Rc3+ 56. Kd2 Rc6 57. Kd3 b5 58. Kd2 b4 59. Rb8 Rxc7 60. Rxb4 Kf6 61.
Rb6+ Kg5 62. Kd3 Kf4 63. Rg6 e4+ 64. Kd4 Rd7+ 65. Kc3 Rd1 66. g3+ Kf3 67. Rf6 Rd5 68. Kc4 Ra5 69. Kb4 Re5 70. Kc4 e3 71.
g4 e2 0-1

[Event "*** Titled Tuesday Blitz"]
[Site "Chess.com"]
[Date "2021.02.02"]
[Round "6"]
[White "SantoBlue"]
[Black "Iball95"]
[Result "0-1"]
[WhiteElo "2818"]
[BlackElo "2634"]
[TimeControl "180+1"]
[EndTime "11:10:19 PST"]
[Termination "Iball95 won by resignation"]

1. d4 Nf6 2. Bg5 d5 3. e3 c6 4. Nf3 Ne4 5. Bf4 Bg4 6. Be2 Nd7 7. O-O e6 8. Nbd2 Nxd2 9. Qxd2 Be7 10. h3 Bh5 11.
Ne5 Bxe2 12. Qxe2 O-O 13. Nd3 Re8 14. Bh2 Bf6 15. c3 e5 16. dxe5 Nxe5 17. Nxe5 Bxe5 18. Bxe5 Rxe5 19. c4 d4 20. Rad1 Qb6 21. Qf3 dxe3 22. fxe3 Re7 23. Rf2 h6 24. e4 Rae8 25. Kh1 a5 26.
Rdf1 Qd4 27. b3 f6 28. Qh5 Re5 29. Qg6 Qxe4 30. Rxf6 Qxg6 31. Rxg6 Re1 32. Kg1 R8e2 33. Rd6 Rxf1+ 34. Kxf1 Rxa2 35. Rd8+ Kh7 36. Rb8 Rb2 37. Ra8 Rxb3 38. Rxa5 Kg6 39. Kf2 b6 40. Ra7 Kf6 41. Rc7 c5 42. h4 g5 43. h5 g4 44. Rd7 Kg5 45. Rd5+ Kf4 46. Rd6 g3+ 47. Kf1 Rb1+ 48. Ke2 Rb2+ 49. Kf1 Kg5 50. Rd5+ Kg4 51. Re5 Rb1+ 52.
Ke2 Rg1 53. Re4+ Kf5 54. Re8 Rxg2+ 55. Kf3 Rc2 56. Kxg3 Rxc4 57. Rg8 Rc3+ 58. Kh4 b5 59. Rg6 Rc4+ 60. Kg3 b4 61. Rxh6 Kg5 62. Rh8 Rc3+ 63. Kf2 b3 64. h6 Kg6 65. Ke2 c4 66. Kd2 Rd3+ 67. Kc1 c3 68. Rb8 c2 69. Rg8+ Kxh6 70.
Rg1 Kh5 71. Rh1+ Kg4 72. Rg1+ Kh3 73. Rh1+ Kg2 74. Re1 Kf2 75. Rh1 Ke3 76. Rh3+ Kd4 77. Rh8 Rd1+ 0-1

[Event "*** Titled Tuesday Blitz"]
[Site "Chess.com"]
[Date "2021.02.02"]
[Round "6"]
[White "cassoulet"]
[Black "Vasily85"]
[Result "0-1"]
[WhiteElo "2748"]
[BlackElo "2460"]
[TimeControl "180+1"]
[EndTime "11:10:22 PST"]
[Termination "Vasily85 won by checkmate"]

1. e4 c5 2. Nf3 e6 3. d4 cxd4 4. Nxd4 Nc6 5. Nc3 Qc7 6. Be3 a6 7. Bd3 Nf6 8. O-O b5 9. a3 Bb7 10. Nxc6 Bxc6 11. f4 Rc8 12. Qf3 d5 13. exd5 Nxd5 14.
Nxd5 Bxd5 15. Qg3 Bc5 16. Rae1 O-O 17. Qh4 g6 18. Kh1 Qe7 19. Qh6 Qf6 20. Bd2 Qxb2 21. f5 exf5 22. Bf4 Qg7 23. Qh4 Rfe8 24. Bh6 Qc3 25.
a4 Bc4 26. axb5 Bxd3 27. cxd3 axb5 28. Rc1 Qd4 29. Qg3 b4 30. Rc4 Qd6 31. Qf3 b3 32. Qd1 Rb8 33. Qd2 Bd4 34. h3 b2 35.
Rb1 Bg7 36. Bxg7 Kxg7 37. Rxb2 Rxb2 38. Qxb2+ Qe5 39. Qxe5+ Rxe5 40. Rd4 Re1+ 41. Kh2 Rd1 42. Kg3 Kf6 43. Rd8 Ke7 44. Rd4 Ke6 45. Kf3 g5 46.
Ke2 Ra1 47. Rb4 Ra2+ 48. Kf3 h5 49. Rb6+ Ke5 50. Rb5+ Kf6 51. g3 g4+ 52. hxg4 hxg4+ 53. Ke3 Rg2 54. Kf4 Rf2+ 55. Ke3 Rf3+ 56. Ke2 Rxg3 57. d4 Rc3 58. Rb6+ Ke7 59. d5 f4 60. Rb4 Rf3 61.
Re4+ Kd6 62. Rd4 f5 63. Rd1 Re3+ 64. Kf2 Re5 65. Rd4 f3 66. Kg3 Rxd5 67. Ra4 Rd2 68. Ra6+ Ke5 69. Ra5+ Kf6 70. Ra6+ Kg5 71. Ra2 Rg2+ 72.
Rxg2 fxg2 73. Kxg2 f4 74. Kf2 f3 75. Kg3 Kf5 76.
Kh2 Kf4 77. Kg1 Ke3 78. Kf1 g3 79. Kg1 Ke2 80. Kh1 f2 81. Kg2 f1=Q+ 82. Kxg3 Qf3+ 83. Kh2 Qg4 84. Kh1 Kf2 85. Kh2 Qg2# 0-1

[Event "*** Titled Tuesday Blitz"]
[Site "Chess.com"]
[Date "2021.02.02"]
[Round "6"]
[White "GMaka"]
[Black "Djager97"]
[Result "0-1"]
[WhiteElo "2411"]
[BlackElo "2578"]
[TimeControl "180+1"]
[EndTime "11:10:23 PST"]
[Termination "Djager97 won by resignation"]

1. Nf3 d5 2. b3 Nf6 3. Bb2 e6 4.
c4 Be7 5. e3 O-O 6. Be2 b6 7.
O-O Bb7 8. Nc3 c5 9. cxd5 Nxd5 10. Rc1 Nd7 11. d4 Bf6 12. Nb5 cxd4 13. Nd6 dxe3 14.
Nxb7 exf2+ 15. Rxf2 Qb8 16. Bxf6 N7xf6 17. Ba6 Ng4 18. Rb2 Nb4 19. Qe2 Nxa6 20. Qxa6 Qf4 21. Re1 Nxh2 22. Nxh2 Qd4+ 23. Rf2 Rac8 24. Nf3 Qb4 25. Qa4 Qe7 26. Qxa7 Rc7 27. Qxb6 Rxb7 28. Qe3 Rc8 29. Ne5 f6 30. Nc4 e5 31. Qe4 Rd7 32.
a4 Rcd8 33. a5 Rd4 34. Qc6 Qf7 35. a6 Qh5 36. Qf3 Qh6 37. g3 R8d7 38. Nb6 Ra7 39. Qe2 Qg5 40. Kg2 h5 41. Nc8 Ra8 42. Ne7+ Kf7 43. Nf5 Rd7 44. b4 g6 45. Nh4 Kg7 46.
Ref1 Rad8 47. Rxf6 Rd2 48. Rf7+ Kh6 49. R7f2 Rxe2 50.
Rxe2 Qg4 51. Rff2 Rd3 52. Rf3 e4 53. Rfe3 Rxe3 54. Rxe3 Qg5 55. Re2 Qd5 56. a7 g5 57.
a8=Q Qxa8 58. Nf5+ Kg6 59. Ne7+ Kf7 60. Nf5 Qd5 61. Ne3 Qd3 62. Kf2 Kg6 63. b5 Qxb5 64. Ng2 Qd3 65. Ne3 h4 66. gxh4 gxh4 67. Ke1 h3 68. Nf1 Qc3+ 69. Kf2 Qf3+ 70. Kg1 Qxe2 0-1

[Event "*** Titled Tuesday Blitz"]
[Site "Chess.com"]
[Date "2021.02.02"]
[Round "6"]
[White "Vaathi_Coming"]
[Black "GOGIEFF"]
[Result "0-1"]
[WhiteElo "2833"]
[BlackElo "2921"]
[TimeControl "180+1"]
[EndTime "11:10:27 PST"]
[Termination "GOGIEFF won by resignation"]

1. e4 c5 2. Nf3 d6 3. Bb5+ Bd7 4. a4 Nf6 5. Nc3 Nc6 6. O-O Rc8 7. d3 a6 8. Bc4 Bg4 9. h3 Bh5 10. g4 Bg6 11. Nh4 e6 12. Bg5 Be7 13. f4 d5 14. Ba2 d4 15. Ne2 Nxe4 16. dxe4 Bxg5 17. fxg5 Qxg5 18. Ng2 Bxe4 19. Ng3 Bxg2 20. Kxg2 O-O 21. Qe2 Nb4 22. Rf3 b5 23. axb5 axb5 24. Qxb5 Nxc2 25. Raf1 Ne3+ 26. Rxe3 dxe3 27. Qe2 Rfd8 28. Ne4 Qe5 29. Qxe3 Qxb2+ 30. Rf2 Qd4 31. Qf3 Rc7 32. Ng5 Qf6 33. Qe3 Qg6 34. Nf3 Qd3 35. Qf4 Qd6 36. Ne5 f6 37.
Nc4 Qxf4 38. Rxf4 Rd4 39. Rf2 Kf7 40. Ne3 Ke7 41. Re2 Kd7 42. Nc2 Rd6 43. Bc4 Ra7 44. Ne3 Ra3 45. Kf3 Rd4 46. Rc2 f5 47. gxf5 exf5 48. Kf2 Rf4+ 49. Ke2 Re4 50. Bd3 f4 51. Bxe4 Rxe3+ 52. Kf2 Rxe4 53. Rxc5 Ke6 54. Kf3 Re3+ 55. Kg4 Rg3+ 56. Kxf4 Rxh3 57. Rc6+ Kf7 58. Rc7+ Kg6 59. Rc6+ Kh5 60. Rc5+ Kh6 61. Rc6+ g6 62. Kg4 Ra3 63. Rc4 Ra7 64. Rb4 Kg7 65. Rc4 h5+ 66. Kh4 Kh6 67.
Rc5 g5+ 68. Kh3 Ra3+ 69. Kg2 h4 70. Rc4 Kh5 71. Rc8 Ra4 72. Kh3 g4+ 73. Kg2 Ra2+ 74.
Kg1 h3 75. Rh8+ Kg5 76. Rb8 Rd2 77. Rg8+ Kf4 78. Rb8 Ke3 79. Rb3+ Rd3 80. Rb4 g3 81. Rb1 Ke2 0-1

[Event "*** Titled Tuesday Blitz"]
[Site "Chess.com"]
[Date "2021.02.02"]
[Round "6"]
[White "leoduarte"]
[Black "The_Machine04"]
[Result "1-0"]
[WhiteElo "2359"]
[BlackElo "2499"]
[TimeControl "180+1"]
[EndTime "11:10:27 PST"]
[Termination "leoduarte won on time"]

1. e4 d6 2. d4 Nf6 3. Nc3 e5 4.
Nf3 Nbd7 5. Bc4 Be7 6. O-O c6 7. a4 Qc7 8. Re1 h6 9. a5 Rb8 10. d5 Nf8 11. Bb3 Bd7 12. a6 b5 13. dxc6 Bxc6 14.
Qd3 Ne6 15. Bd5 Nc5 16. Qd1 b4 17. Bxc6+ Qxc6 18. Nd5 Nxd5 19. exd5 Qc7 20. Nd2 O-O 21. Nc4 Rfc8 22. b3 Nd7 23. f4 Bf6 24. Kh1 exf4 25. Bxf4 Ne5 26. Bxe5 dxe5 27. Qg4 Rd8 28. Rad1 Qc8 29.
Qg3 Qxa6 30. Rf1 Rbc8 31. d6 Rxc4 32. bxc4 Rxd6 33. c5 Rxd1 34. Rxd1 Qc4 35. Qe3 e4 36. Re1 Bd4 37. Qxe4 Qxc5 38. Qe8+ Qf8 39. Qe4 Bf6 40. Qc6 Be7 41. Qd7 Bc5 42. Re8 a5 43. Rxf8+ Bxf8 44. Qb5 g6 45. Qxa5 Kg7 46. Qb5 Kg8 47. Qc4 Kg7 48. Qd3 Kg8 49. g3 Kg7 50. Kg2 h5 51. Kf3 Kg8 52. h3 Kg7 53. Qd4+ Kg8 54. Qe5 Bg7 55. Qe7 Bf8 56. Qf6 Bg7 57. Qb6 Bc3 58.
Ke4 Kg7 59. Qd6 Be1 60. g4 hxg4 61. hxg4 Bc3 62. Qd7 Kf6 63. Qd6+ Kg7 64. Qe7 Kg8 65. g5 Kg7 66. Kd5 Kg8 67. Kc6 Kg7 68. Kd7 1-0

[Event "*** Titled Tuesday Blitz"]
[Site "Chess.com"]
[Date "2021.02.02"]
[Round "6"]
[White "andrzej"]
[Black "HouseOfDurin"]
[Result "1-0"]
[WhiteElo "2285"]
[BlackElo "2102"]
[TimeControl "180+1"]
[EndTime "11:10:29 PST"]
[Termination "andrzej won by checkmate"]

1. e4 c5 2. Nc3 Nc6 3. Bb5 g6 4. Bxc6 dxc6 5. d3 Bg7 6. f4 e5 7. Nf3 exf4 8. Bxf4 Ne7 9. O-O O-O 10. Qe1 Bg4 11. Qh4 Bxf3 12. Rxf3 f5 13. Rh3 h5 14. Bg5 Rf7 15. Kh1 Bxc3 16. bxc3 fxe4 17. Qxe4 Qd5 18. Re3 Qxe4 19. Rxe4 Raf8 20. h3 Nd5 21. c4 Rf1+ 22.
Rxf1 Rxf1+ 23. Kh2 Nb4 24. Re7 Rf7 25. Re2 Nxa2 26.
Bd2 Nb4 27. Bc3 Kh7 28. g4 hxg4 29. hxg4 g5 30. Kg3 a5 31. Re8 Rd7 32. Rh8+ Kg6 33.
Rg8+ Kf7 34. Rxg5 a4 35. Rg7+ Ke6 36. Rg6+ Ke7 37. Rg7+ Ke8 38. Rg8+ Ke7 39. Ra8 b5 40. Kf4 Nxd3+ 41. cxd3 Rxd3 42. Ra7+ Ke6 43. Bh8 Rb3 44. g5 Rb4 45. g6 Rxc4+ 46. Kg5 Rc1 47. g7 Rg1+ 48.
Kf4 Kd5 49. Ke3 Kc4 50. Ra8 Kb3 51. g8=Q+ Rxg8 52. Rxg8 a3 53. Kd2 a2 54. Rg3+ Kb4 55.
Kc2 c4 56. Kb2 Ka4 57. Kxa2 Kb4 58. Bf6 c5 59. Be7 c3 60. Rf3 Kc4 61. Rf5 b4 62.
Rxc5+ Kd3 63. Kb3 Kd4 64. Rc4+ Kd5 65. Rxb4 Ke6 66. Bc5 Kd7 67. Kxc3 Kc6 68. Rc4 Kd5 69. Be3 Ke5 70. Kd3 Kf5 71. Rc5+ Ke6 72. Ke4 Kd6 73. Ra5 Ke7 74. Rh5 Kd6 75. Kf5 Kc6 76. Kf4 Kd6 77.
Ke4 Kc6 78. Rh6+ Kb5 79. Kd4 Kb4 80. Rb6+ Ka5 81. Rb1 Ka4 82. Kc3 Ka5 83. Kc4 Ka6 84.
Bc5 Ka5 85. Ra1# 1-0

[Event "*** Titled Tuesday Blitz"]
[Site "Chess.com"]
[Date "2021.02.02"]
[Round "6"]
[White "SirStrateg"]
[Black "DrVelja"]
[Result "1-0"]
[WhiteElo "2670"]
[BlackElo "2877"]
[TimeControl "180+1"]
[EndTime "11:10:30 PST"]
[Termination "SirStrateg won by resignation"]

1. d4 Nf6 2. Nf3 g6 3. Bf4 Bg7 4.
Nc3 d5 5. Qd2 O-O 6. O-O-O c5 7.
dxc5 Qa5 8. Kb1 Qxc5 9. e3 Rd8 10. Nd4 a6 11. f3 b5 12. g4 Nc6 13. Nxc6 Qxc6 14.
Be5 Bb7 15. Ne2 d4 16. Nxd4 Qc5 17. Bxf6 Bxf6 18. Bd3 Bxd4 19. exd4 Rxd4 20. Rhf1 Rad8 21. h4 e5 22. Qg5 Kg7 23. h5 h6 24. Qc1 g5 25.
Rde1 Rf4 26. Qe3 Qxe3 27. Rxe3 f6 28. a3 Kf8 29. Kc1 Ke7 30. Rf2 Rfd4 31. Kd2 Bc6 32. Ke2 a5 33. Rf1 Rc8 34. Ra1 Be8 35. Rb1 Ra8 36.
Ra1 Rb8 37. Re4 Rd6 38. b4 Bc6 39. Re3 Ra8 40. Rb1 axb4 41. axb4 Rd4 42. Rb3 Kd6 43. Rb2 Ra3 44. Kd2 Ra1 45. Ke2 Rh1 46. Kf2 Rh2+ 47. Kg3 Rd2 48. Rb3 Bd5 49. Rb1 Bc4 50. Bg6 Be6 51.
Ra3 Ke7 52. Ra7+ Rd7 53. Rxd7+ Bxd7 54. Ra1 Rd4 55. Ra7 Kd6 56. c3 Rd2 57. Be4 Rd1 58. Ra6+ Ke7 59. Rb6 Rc1 60. Rb7 Kd6 61. Rb6+ Ke7 62.
Rb7 Kd8 63. Rb6 Rxc3 64. Rxf6 Rb3 65. Rxh6 Rxb4 66. Rg6 Rb1 67. Rxg5 Rg1+ 68. Kf2 Rh1 69. Rxe5 b4 70. Rd5 Ke7 71. Rd4 b3 72. Rb4 Be6 73. Kg3 Kd6 74. Kf4 Kc5 75. Rb8 Bc4 76. Kg5 Bb5 77. h6 b2 78. h7 Bc6 79. Bxc6 Kxc6 80.
Kg6 Kc7 81. Rxb2 1-0

[Event "*** Titled Tuesday Blitz"]
[Site "Chess.com"]
[Date "2021.02.02"]
[Round "6"]
[White "strelec64"]
[Black "ChessQueen"]
[Result "0-1"]
[WhiteElo "2505"]
[BlackElo "2722"]
[TimeControl "180+1"]
[EndTime "11:10:31 PST"]
[Termination "ChessQueen won on time"]

1. d4 Nf6 2. Nf3 e6 3. c4 c5 4. d5 b5 5. Bg5 h6 6. Bxf6 Qxf6 7.
Qc2 Bb7 8. e4 b4 9. Bd3 e5 10.
O-O Bd6 11. a3 Na6 12. Nbd2 O-O 13. g3 g6 14. Nh4 Bc8 15. Ng2 Bc7 16. Ne3 d6 17. Be2 Bh3 18. Rfe1 Rfb8 19. Bg4 Bxg4 20. Nxg4 Qg7 21. h4 Rb6 22. Kg2 Rab8 23. Rab1 Bd8 24. Nb3 R6b7 25. Nd2 Nc7 26. axb4 Rxb4 27. b3 Ne8 28.
Ra1 a5 29. Reb1 Qh7 30. Nf1 h5 31. Ngh2 f6 32. Nf3 Qd7 33. Ne1 Qb7 34. Nd2 Kh7 35. Nd3 Rb6 36. f4 Ra6 37. Rf1 Ng7 38. Qd1 Qd7 39. fxe5 fxe5 40. Qf3 Be7 41. Qe3 Raa8 42. Rf7 Rf8 43. Raf1 Kg8 44. R7f3 a4 45. bxa4 Rxa4 46. Qh6 Qe8 47. Qe3 Ra3 48. Qe2 Ra2 49. Qe3 Rxf3 50. Rxf3 Bd8 51. Rf2 Qa4 52. Nf3 Rxf2+ 53. Nxf2 Qxc4 54. Qh6 Kf7 55. Qh8 Be7 56. Qc8 Qb5 57.
Qc7 Kf8 58. Qc8+ Qe8 59. Qc6 Qxc6 60. dxc6 Ne6 61. Nd1 Ke8 62. Ne3 Bd8 63. Nd5 Ba5 64.
Kf2 Kd8 65. Ke2 Kc8 66. Kd3 Nd8 67. Ne7+ Kc7 68. Nxg6 Nxc6 69. Kc4 Nd8 70. Kd5 Kd7 71. Ng5 Be1 72. Nh8 Bxg3 73. Nf3 Bf2 74. Ng6 Ne6 75.
Nh8 Nf4+ 76. Kc4 Ke7 0-1

[Event "*** Titled Tuesday Blitz"]
[Site "Chess.com"]
[Date "2021.02.02"]
[Round "6"]
[White "sara_khm"]
[Black "olksuna"]
[Result "1-0"]
[WhiteElo "2510"]
[BlackElo "2683"]
[TimeControl "180+1"]
[EndTime "11:10:32 PST"]
[Termination "sara_khm won by resignation"]

1. d4 Nf6 2. c4 e6 3. Nf3 b6 4. g3 Bb7 5. Bg2 Bb4+ 6. Bd2 c5 7. Bxb4 cxb4 8. O-O O-O 9. a3 bxa3 10. Rxa3 Nc6 11.
Nbd2 Nb4 12. Qb3 a5 13. Rd1 Qe7 14. Ne5 Bxg2 15. Kxg2 d5 16. Nd3 Qb7 17. f3 Nxd3 18.
Qxd3 dxc4 19. Nxc4 Nd5 20. e4 Nb4 21. Qd2 Rfd8 22.
Rc3 b5 23. Ne3 Rd7 24. d5 exd5 25. exd5 Rad8 26. Rc5 h6 27. Qd4 f6 28. Nf5 Rxd5 29. Rxd5 Rxd5 30. Qe4 Kh8 31. Qe8+ Kh7 32. Ne7 Qxe7 33.
Qxe7 Rxd1 34. Qe4+ Kh8 35. Qa8+ Kh7 36. Qxa5 Rd2+ 37. Kg1 Rxb2 38. Qxb5 Kh8 39. h4 Kh7 40. g4 Kh8 41. f4 Kh7 42. g5 hxg5 43. fxg5 fxg5 44. Qf5+ Kg8 45. hxg5 Rc2 46. g6 Rc1+ 47. Kf2 Rc2+ 48. Ke3 Rc3+ 49. Kd2 Rc2+ 50. Kd1 Rc7 51. Qe6+ Kf8 52. Qd6+ Re7 53. Qxb4 Ke8 54. Qc5 Kd7 55.
Qd5+ Ke8 56. Qc6+ Rd7+ 57. Ke2 Ke7 58. Kf3 Rd6 59. Qc7+ Rd7 60. Qe5+ Kd8 61. Kf4 Re7 62. Qd6+ Ke8 63. Qc6+ Rd7 64. Qc8+ Ke7 65. Qg8 Kf6 66.
Qf8+ Kxg6 67. Qe8+ Rf7+ 68. Ke5 Kh7 69. Qxf7 Kh6 70.
Kf5 Kh7 71. Qg6+ Kh8 72. Ke6 Kg8 73. Qf7+ Kh8 74. Ke7 Kh7 75. Kf8 Kh6 76. Qxg7+ 1-0

[Event "*** Titled Tuesday Blitz"]
[Site "Chess.com"]
[Date "2021.02.02"]
[Round "6"]
[White "karinachess1"]
[Black "korbul"]
[Result "1/2-1/2"]
[WhiteElo "2480"]
[BlackElo "2610"]
[TimeControl "180+1"]
[EndTime "11:10:36 PST"]
[Termination "Game drawn by repetition"]

1. c4 e6 2. Nf3 d5 3. e3 Nf6 4.
Nc3 b6 5. cxd5 exd5 6. d4 a6 7. Be2 Bd6 8. Ne5 O-O 9. O-O Bb7 10. f4 c5 11. Bf3 Ne4 12. Qc2 f5 13. Qb3 c4 14. Qc2 b5 15. a3 Nd7 16. Bd2 Nxe5 17. fxe5 Be7 18. Bxe4 dxe4 19. Rae1 Bd5 20. Ne2 g5 21. Bb4 Bxb4 22. axb4 a5 23. bxa5 b4 24.
Ng3 Qd7 25. Nh5 Kh8 26. Nf6 Qe6 27. Qd2 Rfb8 28. Ra1 Ra6 29. Qf2 Rb7 30. Qxf5 Qxf5 31. Rxf5 Be6 32. Rf2 c3 33. bxc3 bxc3 34. d5 Bc8 35.
Rc1 Rc7 36. d6 Rc5 37. d7 Bxd7 38. Nxd7 Rcxa5 39. Rxc3 Ra1+ 40. Rf1 R1a2 41. Rfc1 Rd2 42. Nf6 Raa2 43. Rc8+ Kg7 44. Rg8+ Kh6 45. Nxe4 Rxg2+ 46. Kf1 Rxh2 47. Ng3 Rhf2+ 48. Ke1 Rg2 49. Nf1 Rge2+ 50. Kd1 Rf2 51. Ke1 Rfe2+ 52. Kd1 Rf2 53. Rc6+ Kh5 54. Ng3+ Kg4 55. Ke1 Rg2 56. Kf1 Rgf2+ 57. Ke1 Rg2 58. Rc4+ Kf3 59. Rf8+ Kxe3 60. Rc3+ Kd4 61. Rc1 Rg1+ 62.
Nf1 Rgg2 63. e6 Rge2+ 64. Kd1 Rf2 65. Rxf2 Rxf2 66. Ke1 Rf6 67. Rd1+ Kc5 68. Rc1+ Kd6 69. Rd1+ Kxe6 70. Rd2 Kf7 71. Re2 Kg6 72. Rf2 Re6+ 73.
Kd2 Rf6 74. Rxf6+ Kxf6 75. Ke3 h5 76. Kf3 Kf5 77. Kg3 h4+ 78. Kh3 Kf4 79. Nh2 Kf5 80. Ng4 Kf4 81. Nh2 Kf5 82. Ng4 Kf4 83. Nh2 1/2-1/2

[Event "*** Titled Tuesday Blitz"]
[Site "Chess.com"]
[Date "2021.02.02"]
[Round "6"]
[White "kleopl"]
[Black "Sanyura"]
[Result "1-0"]
[WhiteElo "2515"]
[BlackElo "2688"]
[TimeControl "180+1"]
[EndTime "11:10:37 PST"]
[Termination "kleopl won by checkmate"]

1. e4 c5 2. Nc3 e6 3. b3 Nc6 4. Nf3 d5 5. exd5 exd5 6. Bb5 Nf6 7. O-O Be7 8. d4 O-O 9. Ba3 Qa5 10. Bb2 Bg4 11. Bxc6 bxc6 12. dxc5 Bxc5 13. Qd3 Rfe8 14. Na4 Be7 15. Ne5 Qc7 16. Nxg4 Nxg4 17. Qg3 Qxg3 18.
hxg3 Bb4 19. a3 Ba5 20. Bc3 Bc7 21. Rfe1 h5 22. Bd4 a6 23. Bc3 Kh7 24. Rxe8 Rxe8 25. Re1 Rc8 26. Re7 Kg6 27. Kf1 Bd6 28. Ra7 Bxa3 29.
Rxa6 Bd6 30. Nb6 Rd8 31. Ba5 Bc7 32. Na4 Bxa5 33. Rxa5 Re8 34. Ra6 Nh2+ 35. Kg1 Ng4 36. Kf1 Re6 37. Nc5 Rf6 38. Nd3 Kh7 39. Ke2 Re6+ 40.
Kd2 Nf6 41. f3 g5 42. Nc5 Rd6 43. Nb7 Rd7 44. Rxc6 Kg7 45. Nc5 Ra7 46. Nd3 g4 47. Nf4 Ra2 48. Rd6 Ra5 49. b4 Rb5 50. c3 h4 51. gxh4 gxf3 52. gxf3 d4 53. Rxd4 Kf8 54. Nd3 Rf5 55. Ke2 Rb5 56. Nc5 Rb8 57. Nd7+ Nxd7 58. Rxd7 Ke8 59. Rd4 Ke7 60. Kd3 Ke6 61. Re4+ Kd5 62.
Rf4 Ke6 63. h5 f5 64. Rh4 Rh8 65. h6 Rh7 66. f4 Kf6 67. c4 Ke6 68. Kc3 Kd6 69.
Rh5 Ke6 70. b5 Kd6 71. Kb4 Ke6 72. c5 Kd5 73. b6 Kc6 74. Kc4 Kb7 75. Kb5 Kc8 76.
c6 Kb8 77. Rxf5 Rh8 78. h7 Rd8 79. Rg5 Rh8 80. Rg8+ Rxg8 81. hxg8=R# 1-0

[Event "*** Titled Tuesday Blitz"]
[Site "Chess.com"]
[Date "2021.02.02"]
[Round "6"]
[White "Meri-Arabidze"]
[Black "Pliukha_Mikhail"]
[Result "1/2-1/2"]
[WhiteElo "2605"]
[BlackElo "2477"]
[TimeControl "180+1"]
[EndTime "11:10:40 PST"]
[Termination "Game drawn by repetition"]

1. d4 Nf6 2. c4 e6 3. Nf3 b6 4.
Nc3 Bb4 5. e3 Bb7 6. Bd3 Ne4 7.
Qc2 f5 8. O-O Nxc3 9. bxc3 Bxf3 10. gxf3 Bd6 11. f4 Qh4 12. f3 g5 13. Kh1 gxf4 14. e4 fxe4 15. Bxe4 Nc6 16. Rg1 O-O-O 17. c5 Rhg8 18. Ba3 Be7 19. Qa4 Kb7 20. cxb6 cxb6 21. d5 exd5 22. Bxd5 Rxg1+ 23. Rxg1 Bxa3 24. Qxa3 Qf6 25. c4 Re8 26. Qd3 Re7 27. Be4 Rg7 28. Rxg7 Qxg7 29.
Bxh7 Kc7 30. Bf5 Qa1+ 31. Kg2 Nd4 32. Qe4 Qxa2+ 33. Kh3 Nxf5 34. Qxf5 Qxc4 35. Kg4 a5 36. h4 a4 37. h5 a3 38. h6 Qg8+ 39. Kxf4 a2 40.
Qe5+ Kc8 41. Qg7 Qxg7 42. hxg7 a1=Q 43. g8=Q+ Kc7 44. Qc4+ Kd6 45. Qd3+ Kc6 46. Qc4+ Kb7 47. Qd5+ Kc7 48. Qc4+ Kd6 49. Qd3+ Ke7 50. Qe3+ Kf7 51. Qxb6 Qc1+ 52. Kg4 Qc4+ 53. f4 Qe2+ 54. Kg3 Qe1+ 55. Kg4 Qe2+ 56. Kg5 Qg2+ 57. Kf5 Qd5+ 58. Kg4 Qg2+ 59.
Kf5 Qh3+ 60. Ke4 Qh7+ 61. f5 Qh4+ 62. Ke5 Qg3+ 63. Ke4 Qg2+ 64. Ke5 Qe2+ 65. Kf4 Qd2+ 66. Ke5 Qc3+ 67. Kf4 Qd2+ 68. Ke5 Qe2+ 69. Kf4 Qf1+ 70. Ke5 Qe1+ 71. Kf4 Qc1+ 72. Ke5 Qc3+ 73. Kf4 Qc4+ 74. Ke5 Qc3+ 1/2-1/2